 Dungeon Crawl Stone Soup version 0.26.0-91-g99b343417d (webtiles) character file.

Game seed: 10861215710932258606

555158 Gauvater the Slayer (level 25, -6/226 (232) HPs)
             Began as a Palentonga Fighter on Feb 2, 2021.
             Was a High Priest of Wu Jian.
             Mangled by a death scarab (8 damage)
             ... on level 1 of the Tomb of the Ancients on Feb 3, 2021.
             The game lasted 12:18:38 (89594 turns).

Gauvater the Slayer (Palentonga Fighter)           Turns: 89594, Time: 12:18:39

HP:   -6/226 (232)  AC: 43    Str: 39    XL:     25   Next: 67%
MP:   34/34         EV: 11    Int: 14    God:    Wu Jian [*****.]
Gold: 3304          SH: 19    Dex: 12    Spells: 42/47 levels left

rFire    . . .     SeeInvis +   e - +3 broad axe (drain)
rCold    . . .     Faith    .   b - +5 kite shield {reflect}
rNeg     + . .     Spirit   .   t - +3 plate armour {Will+}
rPois    .         Reflect  +   (helmet restricted)
rElec    .         Harm     .   B - +2 cloak {rCorr}
rCorr    +         Rampage  .   Q - +1 pair of gloves {Dex+3}
Will     +++..     Clarity  +   i - +4 barding
Stlth    ..........             w - amulet of Xom's Passing Interest {rN+ Regen+ Int+2}
HPRegen  0.87/turn              U - +6 ring of strength
MPRegen  0.24/turn              G - ring of Recklessness {+Inv Will+ Str+4}

@: mighty, about to teleport, marked, heavenly storm, slowed, glowing, lightly
drained, curled up, very slow
A: large, antennae 1, rugged brown scales 3, see invisible, blink, clarity,
clumsy 1, deformed body, deterioration 1, frail 1, low mp 1, sense surroundings
1, strong 1, evolution 1, roll 1, armoured tail, reflexive curl
}: 2/15 runes: decaying, gossamer
a: Rolling Charge, Blink, Renounce Religion, Evoke Invisibility, Wall Jump,
Serpent's Lash, Heavenly Storm


You were on level 1 of the Tomb of the Ancients.
You worshipped Wu Jian.
Wu Jian was extremely pleased with you.
You visited 12 branches of the dungeon, and saw 53 of its levels.
You also visited: Volcano.

You collected 6500 gold pieces.
You spent 3196 gold pieces at shops.

Inventory:

Hand Weapons
 e - a +3 broad axe of draining (weapon)
 q - a +8 vampiric demon whip
 r - a +2 great mace of holy wrath
 W - the +18 lance "Wyrmbane" {slay drac, rPois rF+ rC+ AC+3}
   (You took it off a deep elf sorcerer on level 3 of the Elven Halls)

   It affects your AC (+3).
   It protects you from fire.
   It protects you from cold.
   It protects you from poison.
Missiles
 o - 13 silver boomerangs
 u - 138 poisoned darts
 K - 17 atropa-tipped darts
 N - 18 curare-tipped darts
 O - 2 throwing nets
Armour
 b - a +5 kite shield of reflection (worn)
 i - a +4 barding (worn)
 t - a +3 plate armour of willpower (worn)
 B - a +2 cloak of preservation (worn)
 Q - a +1 pair of gloves of dexterity (worn)
Magical Staves
 S - an uncursed staff of death
Jewellery
 w - the amulet of Xom's Passing Interest (around neck) {rN+ Regen+ Int+2}
   (You acquired it on level 2 of the Elven Halls)

   [amulet of regeneration]

   It affects your intelligence (+2).
   It protects you from negative energy.
   It increases your rate of regeneration.
 G - the ring of Recklessness (right hand) {+Inv Will+ Str+4}
   (You found it on level 3 of the Crypt)

   [ring of willpower]

   It affects your strength (+4).
   It affects your willpower, your defense against some magical effects.
   It lets you turn invisible.
 U - a +6 ring of strength (left hand)
Wands
 a - a wand of flame (36)
 f - a wand of polymorph (10)
 y - a wand of iceblast (8)
 D - a wand of paralysis (31)
 H - a wand of acid (59)
 T - a wand of enslavement (31)
 V - a wand of disintegration (78)
Scrolls
 h - 17 scrolls of teleportation
 j - a scroll of amnesia
 m - 4 scrolls of blinking
 A - 5 scrolls of fog
 C - 18 scrolls of remove curse
 F - 7 scrolls of fear
 I - 6 scrolls of immolation
 L - a scroll of summoning
 X - 11 scrolls of magic mapping
 Y - 16 scrolls of identify
Potions
 d - 3 potions of might
 g - 2 potions of heal wounds
 l - 10 potions of lignification
 p - 4 potions of berserk rage
 s - 8 potions of haste
 v - 4 potions of invisibility
 x - 11 potions of curing
 z - 11 potions of ambrosia
 M - a potion of cancellation
 P - 3 potions of flight
 R - a potion of resistance
Miscellaneous
 n - a phial of floods
 E - a phantom mirror
 Z - a lightning rod (4/4)


   Skills:
 + Level 22.4 Fighting
 - Level 14.9(17.8) Axes
 - Level 9.3(13.2) Maces & Flails
 + Level 13.3(15.6) Polearms
 - Level 3.0 Throwing
 * Level 17.4 Armour
 * Level 12.4 Dodging
 + Level 3.0 Stealth
 - Level 10.4 Shields
 + Level 11.5 Spellcasting
 + Level 6.9 Necromancy
 * Level 13.2 Evocations


You had 42 spell levels left.
You knew the following spells:

 Your Spells              Type           Power        Failure   Level
a - Pain                  Necr           100%         1%          1
b - Animate Skeleton      Necr           54%          1%          1
c - Vampiric Draining     Necr           13%          4%          3

Your spell library contained the following spells:

 Spells                   Type           Power        Failure   Level
 Animate Dead             Necr           13%          17%         4
 Apportation              Tloc           16%          30%         1
 Beastly Appendage        Tmut           16%          30%         1
 Corona                   Hex            8%           30%         1
 Foxfire                  Conj/Fire      32%          30%         1
 Freeze                   Ice            32%          30%         1
 Magic Dart               Conj           32%          30%         1
 Shock                    Conj/Air       32%          30%         1
 Sting                    Tmut/Pois      32%          30%         1
 Summon Small Mammal      Summ           32%          30%         1
 Call Imp                 Summ           8%           41%         2
 Ensorcelled Hibernation  Hex/Ice        16%          41%         2
 Passwall                 Tmut/Erth      6%           41%         2
 Poisonous Vapours        Pois/Air       16%          41%         2
 Searing Ray              Conj           16%          41%         2
 Slow                     Hex            8%           41%         2
 Swiftness                Air            8%           41%         2
 Wereblood                Tmut           8%           41%         2
 Agony                    Necr           27%          43%         5
 Call Canine Familiar     Summ           8%           65%         3
 Confusing Touch          Hex            8%           65%         3
 Conjure Flame            Conj/Fire      8%           65%         3
 Dazzling Flash           Conj/Hex       16%          65%         3
 Frozen Ramparts          Ice            16%          65%         3
 Gell's Gravitas          Tloc           4%           65%         3
 Ignite Poison            Fire/Tmut/Pois 8%           65%         3
 Inner Flame              Hex/Fire       8%           65%         3
 Lesser Beckoning         Tloc           4%           65%         3
 Mephitic Cloud           Conj/Pois/Air  8%           65%         3
 Ozocubu's Armour         Ice            8%           65%         3
 Portal Projectile        Hex/Tloc       16%          65%         3
 Spider Form              Tmut/Pois      4%           65%         3
 Static Discharge         Conj/Air       8%           65%         3
 Summon Guardian Golem    Hex/Summ       8%           65%         3
 Tukima's Dance           Hex            8%           65%         3
 Airstrike                Air            4%           96%         4
 Cause Fear               Hex            4%           96%         4
 Fulminant Prism          Conj/Hex       4%           96%         4
 Hailstorm                Conj/Ice       8%           96%         4
 Ice Form                 Ice/Tmut       8%           96%         4
 Iskenderun's Mystic Bla  Conj/Tloc      8%           96%         4
 Leda's Liquefaction      Hex/Erth       4%           96%         4
 Passage of Golubria      Tloc           N/A          96%         4
 Petrify                  Tmut/Erth      8%           96%         4
 Sticky Flame             Conj/Fire      8%           96%         4
 Summon Ice Beast         Ice/Summ       8%           96%         4
 Summon Lightning Spire   Summ/Air       8%           96%         4
 Alistair's Intoxication  Tmut/Pois      5%           100%        5
 Blade Hands              Tmut           4%           100%        5
 Fireball                 Conj/Fire      4%           100%        5
 Lee's Rapid Deconstruct  Erth           4%           100%        5
 Lightning Bolt           Conj/Air       4%           100%        5
 Metabolic Englaciation   Hex/Ice        4%           100%        5
 Summon Mana Viper        Hex/Summ       8%           100%        5
 Yara's Violent Unravell  Hex/Tmut       4%           100%        5
 Dispersal                Tloc           4%           100%        6
 Eringya's Noxious Bog    Tmut/Pois      4%           100%        6
 Freezing Cloud           Conj/Ice/Air   4%           100%        6
 Invisibility             Hex            8%           100%        6
 Haunt                    Necr/Summ      8%           100%        7
 Borgnjor's Revivificati  Necr           13%          100%        8
 Disjunction              Tloc           4%           100%        8
 Ignition                 Fire           4%           100%        8
 Infestation              Necr           13%          100%        8
 Necromutation            Tmut/Necr      8%           100%        8
 Death's Door             Necr           13%          100%        9
 Shatter                  Erth           4%           100%        9
 Tornado                  Air            4%           100%        9


Dungeon Overview and Level Annotations

Branches:
Dungeon (15/15)            Temple (1/1) D:7            Lair (6/6) D:10
  Swamp (4/4) Lair:4       Spider (4/4) Lair:2        Slime (5/5) Lair:5
    Orc (2/2) D:12            Elf (3/3) Orc:2        Vaults (4/5) D:13
  Crypt (3/3) Vaults:2       Tomb (1/3) Crypt:3      Depths (5/5) D:15
    Zot (0/5) Depths:5    Volcano (visited)

Altars:
Ashenzari
Cheibriados
Dithmenos
Gozag
Hepliaklqana
Kikubaaqudgha
Makhleb
Nemelex Xobeh
Okawaru
Qazlal
Ru
Sif Muna
Trog
Uskayaw
Wu Jian
Xom
Yredelemnul
Zin
The Shining One
Beogh
Jiyva

Shops:
D:4 !   D:8 [   D:9 ?   Orc:2 (*(}   Elf:2 ?   Elf:3 :   Vaults:3 (*?*
Vaults:4 [

Portals:
Hell: Lair:6 Depths:1 Depths:2 Depths:3 Depths:4 Depths:5
Abyss: Depths:4
Pandemonium: Depths:2 Depths:3
Ziggurat: Depths:4
Trove: D:13 (show slimy rune of Zot)

Annotations:
D:14 3 runed translucent doors, KamiKatze's ghost, journeyman DECj
Lair:2 exclusion: oklob plant
Elf:2 Roxanne
Depths:1 3 runed translucent doors
Depths:2 exclusion: orange crystal statue


Innate Abilities, Weirdness & Mutations

You are completely covered in rugged brown scales. (AC +3, +7% HP)
You have supernaturally acute eyesight. (SInv)
Armour fits poorly on your strangely shaped body.
You can roll at nearby foes to attack.
You have a long armoured tail.
You curl defensively after being hit.
You have a pair of small antennae on your head.
You can translocate small distances at will.
You possess an exceptional clarity of mind.
You are clumsy. (Dex -2)
Your body sometimes deteriorates upon taking damage.
You are frail. (-10% HP)
Your magical capacity is low. (-10% MP)
You passively map a small area around you.
Your muscles are strong. (Str +2)
You evolve.


Message History

You block the death scarab's attack.
The death scarab bites you but does no damage.
The death scarab barely misses you. x2
The death scarab bites you but does no damage.
The ancient champion hits you with a +3 battleaxe of draining!
* * * LOW HITPOINT WARNING * * *
You partially resist.
You feel drained.
* * * LOW HITPOINT WARNING * * *
The death scarab barely misses you. The death scarab misses you.
You block the death scarab's attack. The death scarab bites you.
* * * LOW HITPOINT WARNING * * *
The death scarab drains your vigour!
You feel as though you will be slow longer.
The death scarab bites you.
* * * LOW HITPOINT WARNING * * *
The ancient champion hits you but does no damage.
You partially resist.
The death scarab bites you but does no damage.
The death scarab bites you!
You die...

# , #.......# , , # ,, ,
#.......# # * * * #B8...8.# , #
,, , ,, #M......# ,, ,, # , ,,,^,
#BB.....# #* * * #.8...8.#
##################B§.....########
..............§§BBB§B............
..............§§@zB8...8.........
..............§§BB§○.............
..............☼§§§§○.............
.................................
....................⌠.⌠..........
.................................
.................................
.........†.......................
..........................(......


You could see an ancient champion (fast) and 7 death scarabs.

Vanquished Creatures
  3 ancient liches (Crypt:3)
  Sojobo (Depths:2)
  Boris (Depths:4)
  Saint Roka (Depths:2)
  2 golden dragons (Depths:5)
  Jory (Depths:3)
  Nikola (Elf:3)
  Arachne (Spider:3)
  3 liches
  A tentacled monstrosity (Depths:2)
  A shard shrike skeleton (Crypt:1)
  3 deep elf blademasters
  A quicksilver dragon (Depths:5)
  Asterion (Vaults:1)
  2 deep elf master archers (Elf:3)
  4 sphinxes
  15 acid blobs
  2 ancient champions (Crypt:1)
  4 tengu reavers
  A thorn hunter (Swamp:1)
  2 revenants
  4 draconian monks (Depths:5)
  2 azure jellies
  4 frost giants
  5 vault wardens
  4 deep elf sorcerers
  5 fire giants
  4 ghost moths
  A caustic shrike zombie (Depths:4)
  2 curse skulls
  Aizul (Vaults:3)
  7 emperor scorpions
  A draconian stormcaller (Depths:5)
  A spriggan defender (Depths:3)
  10 ironheart preservers
  2 deep elf elementalists (Elf:3)
  2 draconian annihilators (Depths:5)
  A caustic shrike skeleton (Depths:4)
  3 war gargoyles (Crypt:3)
  12 very ugly things
  11 vampire knights
  3 green draconians (Depths:5)
  6 deep elf annihilators
  5 entropy weavers
  A lorocyproca (Depths:2)
  3 deep elf demonologists (Elf:3)
  9 stone giants
  2 black draconians (Depths:5)
  4 purple draconians (Depths:5)
  Azrael (Elf:2)
  A red draconian (Depths:5)
  4 spark wasps
  A white draconian (Depths:5)
  3 bunyips
  5 eleionomae
  9 deep elf death magi
  3 mummy priests (Tomb:1)
  A crystal guardian (Vaults:2)
  An eidolon (Crypt:3)
  14 fire dragons
  11 ettins
  6 jiangshi
  A death ooze (Slime:3)
  9 great orbs of eyes
  3 rakshasas
  2 deep elf high priests
  4 merfolk impalers (Depths:3)
  13 ice dragons
  7 yaktaur captains
  10 boulder beetles
  2 spriggan air magi
  2 ghost crabs (Swamp:2)
  24 hydras
  An anaconda (Swamp:4)
  Erica (D:10)
  13 centaur warriors
  3 death knights
  19 death scarabs
  37 two-headed ogres
  28 dancing weapons
  10 deep troll earth magi
  15 ogre magi
  7 alligators
  5 tengu warriors
  9 vampire magi
  5 deep troll shamans
  26 deep elf knights
  6 hell knights
  A titan zombie (Crypt:2)
  4 titan skeletons
  Nergalle (Lair:3)
  A soul eater (Vaults:2)
  Sonja (D:10)
  3 iron trolls (Depths:5)
  14 skeletal warriors
  3 storm dragon zombies
  2 shadow wraiths (Crypt:3)
  A fire crab (Swamp:3)
  A goliath frog (shapeshifter) (D:13)
  2 death drakes (Depths:5)
  A golden dragon zombie (Depths:4)
  An anaconda zombie (Crypt:2)
  21 deep trolls
  2 sixfirhies
  10 swamp dragons
  2 unseen horrors (shapeshifter)
  A glowing orange brain (Depths:5)
  A death drake (shapeshifter) (Depths:1)
  8 goliath frogs
  A salamander (shapeshifter) (Vaults:2)
  A torturous demonspawn (Depths:2)
  6 lindwurms
  13 flayed ghosts
  2 bog bodies (Lair:4)
  A shadow dragon zombie (Depths:4)
  A spriggan druid (Swamp:3)
  13 deep elf archers
  10 orc knights
  A wolf spider zombie (Crypt:1)
  An iron giant skeleton (Crypt:1)
  Pikel (D:8)
  6 necromancers
  5 wizards
  15 ironbrand convokers
  A sphinx zombie (Depths:4)
  15 phantasmal warriors
  50 ugly things
  2 shadow dragon skeletons
  6 shining eyes
  A stone giant zombie (Crypt:2)
  2 fire giant zombies
  2 will-o-the-wisps (Swamp:2)
  26 wolf spiders
  14 orb spiders
  50 deep elf magi
  A frost giant zombie (Crypt:1)
  2 tengu skeletons
  A salamander (Depths:2)
  22 elephants
  7 cyclopes
  2 orc sorcerers
  85 slime creatures
  A moth of wrath (Spider:4)
  A guardian serpent (shapeshifter) (Vaults:3)
  2 iron dragon skeletons (Crypt:3)
  Maurice (D:10)
  3 manticores
  A human skeleton (Vaults:4)
  11 black mambas
  12 vault sentinels
  4 torpor snails
  5 frost giant skeletons (Depths:4)
  A rust devil (Depths:2)
  12 cane toads
  4 smoke demons (Crypt:3)
  2 orange demons (Lair:6)
  5 spectral swamp worms (Depths:5)
  5 rime drakes
  An eye of devastation (Slime:3)
  A rime drake (shapeshifter) (Vaults:1)
  A cane toad (shapeshifter) (Vaults:4)
  4 gargoyles (Crypt:3)
  2 molten gargoyles (Volcano)
  A komodo dragon (shapeshifter) (Depths:2)
  A hellion (Depths:2)
  An efreet (D:15)
  An anaconda simulacrum (Crypt:1)
  A dire elephant skeleton (Crypt:1)
  10 komodo dragons
  23 yaktaurs
  23 demonic crawlers
  7 trolls
  10 freezing wraiths
  2 tengu conjurers
  3 ice devils (Lair:6)
  34 jumping spiders
  11 red devils
  5 guardian mummies (Tomb:1)
  A bloated husk (Swamp:1)
  A yellow draconian skeleton (Crypt:1)
  A troll (shapeshifter) (D:13)
  A hellwing (Lair:6)
  3 polar bears
  11 tyrant leeches
  A hydra zombie (Tomb:1)
  A polar bear (shapeshifter) (Depths:2)
  A hydra skeleton (Crypt:2)
  17 hornets
  2 spectral guardian serpents (Crypt:2)
  A wolf spider simulacrum (D:14)
  21 blink frogs
  An ice dragon zombie (Crypt:2)
  2 ice dragon skeletons (Crypt:1)
  A spriggan (shapeshifter) (Vaults:1)
  4 flying skulls (Depths:4)
  9 vampires (Crypt:3)
  An ettin skeleton (Crypt:1)
  7 wraiths
  80 redbacks
  14 water elementals
  6 spriggans
  8 shadows
  A ynoxinul (Depths:2)
  An air elemental (Elf:3)
  34 tarantellas
  A black mamba zombie (Crypt:3)
  2 elf zombies (Depths:4)
  A human (shapeshifter) (Depths:1)
  A yak (shapeshifter) (Vaults:2)
  A fire dragon skeleton (Crypt:3)
  11 wyverns
  A fire bat (Volcano)
  5 basilisks
  A black mamba skeleton (Crypt:3)
  A golden eye (shapeshifter) (Vaults:4)
  74 yaks
  10 fire elementals
  A tarantella (shapeshifter) (Depths:2)
  11 golden eyes
  4 elf skeletons
  14 vampire mosquitoes
  Edmund (D:6)
  7 steam dragons
  A wind drake skeleton (Crypt:1)
  A human simulacrum (Vaults:1)
  8 wargs
  A warg (shapeshifter) (Vaults:1)
  21 swamp worms
  22 water moccasins
  An acid dragon (D:15)
  2 cane toad zombies (Crypt:2)
  8 hell hounds
  2 floating eyes (shapeshifter)
  4 ice beasts
  29 orc warriors
  16 swamp drakes
  42 ogres
  An ice beast (shapeshifter) (Vaults:1)
  An eye of draining (shapeshifter) (D:8)
  3 eyes of draining
  7 necrophages (Lair:2)
  3 phantoms
  4 sky beasts
  A snapping turtle zombie (Crypt:1)
  13 boggarts
  19 wolves
  31 centaurs
  6 big kobolds
  19 bullfrogs
  4 gnoll sergeants (D:12)
  A glowing shapeshifter simulacrum (Vaults:1)
  2 wyvern zombies
  8 scorpions
  2 wyvern skeletons (D:9)
  A water moccasin zombie (D:7)
  21 killer bees
  An orc simulacrum (Vaults:1)
  A yak zombie (Crypt:1)
  5 howler monkeys
  42 wights
  7 electric eels
  8 lava snakes
  2 crimson imps (Depths:2)
  2 quasits (Depths:2)
  3 centaur zombies
  A bullfrog zombie (D:12)
  13 orc priests
  4 bullfrog skeletons
  3 hounds
  24 orc wizards
  3 centaur skeletons
  5 jellies
  Jessica (D:3)
  2 iguanas
  Natasha (thrice) (D:3)
  A demonspawn skeleton (Crypt:1)
  12 worker ants
  3 polar bear simulacra (Lair:6)
  3 yak simulacra (Lair:6)
  A killer bee zombie (D:5)
  4 wolf simulacra (Lair:6)
  A deep dwarf skeleton (Crypt:1)
  An acid dragon skeleton (Crypt:2)
  4 hound skeletons
  A howler monkey zombie (D:11)
  7 mummies (Tomb:1)
  A worker ant zombie (D:9)
  5 gnolls
  2 howler monkey skeletons
  10 adders
  2 shadow imps
  5 white imps
  3 ufetubi
  4 oozes (Lair:5)
  2 adder skeletons
  An adder zombie (D:6)
  3 worms
  A dart slug (D:1)
  3 leopard geckos
  80 orcs
  2 ball pythons (D:6)
  A bat zombie (Crypt:2)
  7 giant cockroaches
  3 hobgoblins
  8 jackals
  13 kobolds
  2 quokkas
  3 bats
  A frilled lizard (D:1)
  6 goblins
  2 jackal skeletons
  3 jackal zombies
  2 leopard gecko skeletons (D:4)
  A quokka skeleton (D:7)
  A quokka zombie (D:9)
  9 rats
  A river rat simulacrum (Lair:6)
  A river rat skeleton (Crypt:2)
2186 creatures vanquished.

Vanquished Creatures (collateral kills)
  A two-headed ogre (D:15)
  An unseen horror (Vaults:1)
  A deep elf archer (Elf:1)
  A swamp drake (Depths:5)
4 creatures vanquished.

Vanquished Creatures (others)
  A hydra (Swamp:2)
  An ironbrand convoker (Vaults:2)
  A lindwurm (Depths:5)
  An ugly thing (Depths:2)
  A vault sentinel (Vaults:1)
  A swamp drake (Swamp:4)
  An electric eel (D:10)
  An orc (Orc:1)
  8 foxfires (Swamp:2)
  76 fungi
  74 plants
  47 withered plants (Crypt:3)
213 creatures vanquished.

Grand Total: 2403 creatures vanquished

Notes
Turn   | Place    | Note
-------+----------+-------------------------------------------
     0 | D:1      | Gauvater the Palentonga Fighter began the quest for the
                  | Orb.
     0 | D:1      | Reached XP level 1. HP: 20/20 MP: 1/1
   216 | D:1      | Found a broken altar of Ashenzari.
   243 | D:1      | Reached XP level 2. HP: 27/27 MP: 2/2
   649 | D:1      | Reached XP level 3. HP: 32/33 MP: 3/3
  1138 | D:2      | Found a bloodstained altar of Trog.
  1345 | D:2      | Found a glowing golden altar of the Shining One.
  1871 | D:3      | Reached XP level 4. HP: 32/41 MP: 4/4
  1910 | D:3      | Noticed Jessica
  1919 | D:3      | Killed Jessica
  2044 | D:3      | Found a faded altar of an unknown god.
  2109 | D:3      | Noticed Natasha
  2114 | D:3      | Killed Natasha
  2271 | D:3      | Noticed Natasha
  2276 | D:3      | Killed Natasha
  2277 | D:3      | Reached XP level 5. HP: 44/48 MP: 5/5
  2300 | D:3      | Noticed Natasha
  2306 | D:3      | Killed Natasha
  2803 | D:4      | Noticed an ogre
  3000 | D:4      | Found Fuepask's Distillery.
  3004 | D:4      | Bought a potion of curing for 33 gold pieces
  3018 | D:4      | Noticed a phantom
  3095 | D:4      | Reached XP level 6. HP: 50/55 MP: 6/6
  3246 | D:4      | Reached skill level 1 in Throwing
  3517 | D:5      | Entered Level 5 of the Dungeon
  3579 | D:5      | Noticed a sky beast
  3584 | D:5      | Killed a sky beast
  3585 | D:5      | Reached skill level 4 in Fighting
  3585 | D:5      | Reached skill level 1 in Dodging
  3585 | D:5      | Gained mutation: You curl defensively after being hit.
                  | [Palentonga growth]
  3585 | D:5      | Reached XP level 7. HP: 48/63 MP: 7/7
  4132 | D:5      | Noticed a two-headed ogre
  4177 | D:5      | Reached skill level 5 in Axes
  4493 | D:5      | Reached XP level 8. HP: 60/71 MP: 8/8
  5374 | D:5      | Reached skill level 5 in Shields
  6028 | D:6      | Found a snail-covered altar of Cheibriados.
  6045 | D:6      | Reached skill level 5 in Fighting
  6116 | D:6      | Found an opulent altar of Gozag.
  6187 | D:6      | Reached XP level 9. HP: 76/79 MP: 9/9
  6234 | D:6      | Found a sacrificial altar of Ru.
  6440 | D:6      | Noticed Edmund
  6447 | D:6      | Killed Edmund
  6740 | D:7      | Found a hazy altar of Hepliaklqana.
  6755 | D:7      | Found a shadowy altar of Dithmenos.
  6870 | D:7      | Found a glowing silver altar of Zin.
  7035 | D:7      | Found a staircase to the Ecumenical Temple.
  7082 | Temple   | Entered the Ecumenical Temple
  7169 | Temple   | Became a worshipper of the Wu Jian Council
  7292 | D:7      | HP: 3/79 [steam dragon/ball of steam (14)]
  8448 | D:8      | Found Rura's Antique Armour Emporium.
  8630 | D:8      | Noticed a cyclops
  8652 | D:8      | Killed a cyclops
  8653 | D:8      | Reached XP level 10. HP: 54/88 MP: 10/10
  8681 | D:8      | Noticed a manticore
  8798 | D:8      | Killed a manticore
  8867 | D:8      | Noticed a two-headed ogre
  8884 | D:8      | Killed a two-headed ogre
  8885 | D:8      | Reached skill level 5 in Armour
  8907 | D:8      | Identified the Handbook of Shape Shifting and Execration
  9312 | D:8      | Reached * piety under Wu Jian
  9624 | D:8      | Identified the ring "Hiqyx" {Int+5 Dex+6}
  9630 | D:8      | Reached skill level 6 in Fighting
  9669 | D:8      | Found a broken altar of Ashenzari.
  9708 | D:8      | Reached skill level 10 in Axes
  9852 | D:8      | Noticed Pikel
  9879 | D:8      | Killed Pikel
 10639 | D:9      | Reached ** piety under Wu Jian
 11021 | D:9      | Found Samowaal's Magic Scroll Shoppe.
 11039 | D:9      | Bought a scroll of brand weapon for 280 gold pieces
 11039 | D:9      | Bought a scroll of identify for 28 gold pieces
 11039 | D:9      | Bought a scroll of identify for 28 gold pieces
 11193 | D:10     | Entered Level 10 of the Dungeon
 11373 | D:9      | Reached XP level 11. HP: 90/97 MP: 11/11
 11637 | D:10     | Found a staircase to the Lair.
 11638 | D:10     | Noticed Erica
 11664 | D:10     | Killed Erica
 11665 | D:10     | Reached skill level 1 in Maces & Flails
 12336 | D:10     | Reached *** piety under Wu Jian
 12740 | D:10     | Noticed Sonja
 12780 | D:10     | Killed Sonja
 12781 | D:10     | Reached skill level 7 in Fighting
 13324 | D:10     | Noticed Maurice
 13333 | D:10     | Paralysed by Maurice for 6 turns
 13348 | D:10     | Killed Maurice
 13927 | D:11     | Noticed a boulder beetle
 13941 | D:11     | Noticed a phantasmal warrior
 14125 | D:11     | Found a stormy altar of Qazlal.
 14589 | D:11     | Noticed a death knight
 15055 | D:11     | Noticed a brown ugly thing
 15074 | D:11     | Killed a brown ugly thing
 15237 | D:11     | Killed a boulder beetle
 15238 | D:11     | Reached skill level 5 in Maces & Flails
 15803 | D:12     | Reached **** piety under Wu Jian
 15946 | D:12     | Found a staircase to the Orcish Mines.
 16107 | D:10     | Killed a phantasmal warrior
 16907 | D:12     | Reached XP level 12. HP: 107/107 MP: 12/12
 17055 | Orc:1    | Entered Level 1 of the Orcish Mines
 17152 | Orc:1    | Paralysed by an orc sorcerer for 6 turns
 17674 | Orc:2    | Entered Level 2 of the Orcish Mines
 17679 | Orc:2    | Found a roughly hewn altar of Beogh.
 17816 | Orc:2    | Reached skill level 1 in Stealth
 17924 | Orc:2    | Found a staircase to the Elven Halls.
 18223 | Orc:2    | Noticed a two-headed ogre
 18230 | Orc:2    | Noticed a two-headed ogre
 18256 | Orc:2    | Killed a two-headed ogre
 18280 | Orc:2    | Noticed an ogre mage
 18298 | Orc:2    | Noticed an ogre mage
 18306 | Orc:2    | Noticed an ogre mage
 18368 | Orc:2    | Noticed a two-headed ogre
 18371 | Orc:2    | Noticed a two-headed ogre
 18377 | Orc:1    | Killed an ogre mage
 18713 | Orc:2    | Noticed a two-headed ogre
 18713 | Orc:2    | Noticed a two-headed ogre
 18713 | Orc:2    | Noticed a two-headed ogre
 18714 | Orc:2    | Noticed a two-headed ogre
 18759 | Orc:1    | Killed a two-headed ogre
 18944 | Orc:1    | Killed a two-headed ogre
 19005 | Orc:2    | Noticed a two-headed ogre
 19026 | Orc:1    | Killed a two-headed ogre
 19035 | Orc:1    | Killed a two-headed ogre
 19036 | Orc:1    | Reached skill level 8 in Fighting
 19172 | Orc:1    | Killed a two-headed ogre
 19173 | Orc:1    | Reached skill level 1 in Evocations
 19178 | Orc:1    | Killed a two-headed ogre
 19427 | Orc:1    | Killed a two-headed ogre
 19557 | Orc:1    | Killed a two-headed ogre
 19778 | Orc:1    | Reached skill level 5 in Dodging
 19796 | Orc:2    | Killed an ogre mage
 19800 | Orc:2    | Reached XP level 13. HP: 103/115 MP: 13/13
 20193 | Orc:2    | Reached ***** piety under Wu Jian
 20194 | Orc:2    | Reached skill level 9 in Fighting
 20241 | Orc:2    | Found Ryff's Antique Weapon Shop.
 20241 | Orc:2    | Found Xicuredgh's Weapon Emporium.
 20242 | Orc:2    | Found Laenazovve's Gadget Shoppe.
 20242 | Orc:2    | Found Ehaext's Assorted Antiques.
 20973 | Orc:2    | Bought a scroll of identify for 46 gold pieces
 21109 | Lair:1   | Entered Level 1 of the Lair of Beasts
 22581 | Lair:2   | Found a dark tunnel.
 22594 | Volcano  | Entered a volcano
 22679 | Volcano  | Found a burning altar of Makhleb.
 23687 | Lair:2   | Found a hole to the Spider Nest.
 23785 | Lair:2   | Reached skill level 10 in Fighting
 23991 | Lair:2   | Reached XP level 14. HP: 115/129 MP: 14/14
 24847 | Lair:3   | Reached ****** piety under Wu Jian
 24965 | Lair:3   | Reached skill level 10 in Shields
 25243 | Lair:3   | Noticed Nergalle
 25260 | Lair:3   | Killed Nergalle
 26881 | Lair:4   | Reached skill level 11 in Fighting
 27030 | Lair:4   | Found a staircase to the Swamp.
 27265 | Swamp:1  | Entered Level 1 of the Swamp
 27700 | Lair:5   | Found a runed translucent door.
 27701 | Lair:5   | Found a viscous altar of Jiyva.
 27703 | Lair:5   | Found a staircase to the Slime Pits.
 29444 | Lair:6   | Entered Level 6 of the Lair of Beasts
 30097 | Lair:6   | Reached XP level 15. HP: 123/141 MP: 15/15
 30559 | Lair:6   | Reached skill level 12 in Fighting
 31000 | Lair:6   | Found a burning altar of Makhleb.
 31185 | Lair:6   | Found a gateway to Hell.
 32498 | D:12     | Reached skill level 10 in Armour
 33634 | D:13     | Found a portal to a secret trove of treasure.
 34381 | D:13     | Found a gate to the Vaults.
 34597 | D:14     | Reached skill level 13 in Fighting
 34738 | D:14     | Found a runed translucent gate.
 34741 | D:14     | Identified the +1 leather armour of Repulsion {rPois rF-
                  | rC+}
 34741 | D:14     | Identified the +3 double sword "Iqiyroc" {vorpal, +Rage}
 34742 | D:14     | Noticed KamiKatze's ghost (journeyman DECj)
 34743 | D:14     | Found a runed translucent gate.
 34830 | D:14     | Found a runed translucent gate.
 34832 | D:14     | Found an iron altar of Okawaru.
 35906 | D:15     | Entered Level 15 of the Dungeon
 36272 | D:15     | Reached XP level 16. HP: 122/154 MP: 16/16
 36819 | D:15     | Found a staircase to the Depths.
 38029 | Elf:1    | Entered Level 1 of the Elven Halls
 38287 | Elf:1    | Reached skill level 14 in Fighting
 39083 | Elf:1    | Identified a scroll of acquirement
 39083 | Elf:1    | Acquired a +2 crystal plate armour
 39439 | Elf:1    | Reached skill level 5 in Evocations
 39860 | Elf:2    | Found a shimmering blue altar of Sif Muna.
 39901 | Elf:2    | Found Ogivait's Magic Scroll Shoppe.
 39904 | Elf:2    | Bought a scroll of fear for 49 gold pieces
 39904 | Elf:2    | Bought a scroll of acquirement for 728 gold pieces
 39904 | Elf:2    | Bought a scroll of enchant armour for 105 gold pieces
 39904 | Elf:2    | Acquired the amulet of Xom's Passing Interest {rN+ Regen+
                  | Int+2}
 39962 | Elf:2    | Found a runed translucent gate.
 39963 | Elf:2    | Found a runed translucent gate.
 39965 | Elf:2    | Found a runed translucent gate.
 40227 | Elf:2    | Identified Roxanne's Catalogue of Transmigration
 40227 | Elf:2    | Noticed Roxanne
 40561 | Elf:2    | Noticed a deep elf blademaster
 40593 | Elf:2    | Reached skill level 15 in Fighting
 40651 | Elf:2    | Killed a deep elf blademaster
 40754 | Elf:2    | Noticed Azrael
 40755 | Elf:2    | Reached XP level 17. HP: 115/166 MP: 17/17
 43440 | Swamp:3  | Reached skill level 16 in Fighting
 44068 | Swamp:4  | Entered Level 4 of the Swamp
 45788 | Swamp:4  | Got a decaying rune of Zot
 47248 | Elf:2    | Killed Azrael
 47448 | Elf:2    | Reached XP level 18. HP: 163/179 MP: 18/18
 47671 | Elf:3    | Entered Level 3 of the Elven Halls
 47745 | Elf:3    | Reached skill level 17 in Fighting
 47808 | Elf:3    | Found Goelytz's Book Shoppe.
 48510 | Elf:3    | Noticed a Brimstone Fiend
 48869 | Elf:3    | Identified the +5 battleaxe "Pygynudem" {antimagic,
                  | *Corrode rElec Str+2 Int+8}
 48964 | Elf:3    | Identified the +5 scimitar of Moral Flaws {venom, *Noise
                  | rPois Dex+7 Stlth+}
 48981 | Elf:3    | Identified the +7 halberd of Punishment {venom, rC+}
 49099 | Elf:3    | Identified the ring "Yshruada" {rPois Int+4}
 49109 | Elf:3    | Reached skill level 18 in Fighting
 49430 | Elf:3    | Identified the Volume of Intoxication
 49877 | Elf:3    | Noticed Nikola
 49889 | Elf:3    | Killed Nikola
 50433 | Spider:1 | Entered Level 1 of the Spider Nest
 50707 | Spider:1 | Got a warped hand axe
 50707 | Spider:1 | Identified the +5 hand axe "Saicig" {flame, rC+ Dex+3} (You
                  | found it on level 1 of the Spider Nest)
 50946 | Spider:1 | Reached skill level 1 in Polearms
 51455 | Spider:1 | Reached XP level 19. HP: 171/192 MP: 19/19
 52033 | Spider:2 | Learned a level 1 spell: Pain
 52834 | Spider:3 | Noticed Arachne
 52846 | Spider:3 | Killed Arachne
 54130 | Spider:3 | Got a fine tin ring
 54132 | Spider:3 | Identified the ring of Xom's Fair Game {Ice Int+4} (You
                  | found it on level 3 of the Spider Nest)
 54407 | Spider:4 | Entered Level 4 of the Spider Nest
 54583 | Spider:3 | Reached skill level 1 in Necromancy
 54928 | Spider:4 | Reached skill level 19 in Fighting
 55189 | Spider:4 | Reached skill level 1 in Spellcasting
 56427 | Spider:4 | Got a gossamer rune of Zot
 56766 | D:9      | Bought a scroll of enchant armour for 105 gold pieces
 57365 | Vaults:1 | Entered Level 1 of the Vaults
 57788 | Vaults:1 | Reached XP level 20. HP: 204/204 MP: 23/23
 57804 | Vaults:1 | Noticed Asterion
 57823 | Vaults:1 | Killed Asterion
 59626 | Vaults:2 | Reached skill level 20 in Fighting
 59808 | Vaults:2 | Reached skill level 10 in Evocations
 60133 | Vaults:2 | Acquired a manual of Spellcasting
 60209 | Vaults:2 | Found a staircase to the Crypt.
 60209 | Vaults:2 | Found a basalt altar of Yredelemnul.
 60209 | Vaults:2 | Found an ancient bone altar of Kikubaaqudgha.
 60438 | Vaults:2 | Acquired an uncursed staff of death
 60561 | Vaults:2 | Acquired a manual of Polearms
 61291 | Vaults:3 | Reached skill level 5 in Polearms
 61389 | Vaults:3 | Noticed Aizul
 61401 | Vaults:3 | Killed Aizul
 61498 | Vaults:3 | Found Ujoeseka's Assorted Antiques.
 61506 | Vaults:3 | Bought a scroll of fog for 46 gold pieces
 61506 | Vaults:3 | Bought a scroll of magic mapping for 80 gold pieces
 61506 | Vaults:3 | Bought a scroll of teleportation for 69 gold pieces
 61617 | Vaults:3 | Found Josot's Antique Weapon Shoppe.
 62196 | Vaults:3 | Found Udwaj's Assorted Antiques.
 62203 | Vaults:3 | Bought a copper ring for 150 gold pieces
 62203 | Vaults:3 | Bought a scroll of blinking for 225 gold pieces
 62203 | Vaults:3 | Bought a runed chain mail for 225 gold pieces
 62203 | Vaults:3 | Bought a scroll of fear for 105 gold pieces
 62203 | Vaults:3 | Bought a glowing broad axe for 210 gold pieces
 62560 | Vaults:3 | Found Byoghiull's Magic Scroll Shoppe.
 62568 | Vaults:3 | Bought a scroll of enchant weapon for 142 gold pieces
 62568 | Vaults:3 | Bought a scroll of fear for 66 gold pieces
 62703 | Vaults:3 | Bought a potion of lignification for 90 gold pieces
 63206 | Vaults:3 | Learned a level 1 spell: Animate Skeleton
 63509 | Vaults:4 | Reached skill level 5 in Spellcasting
 63677 | Vaults:4 | Identified the amulet of Yffom {Inacc Will+} (You found it
                  | on level 4 of the Vaults)
 63855 | Vaults:4 | Reached XP level 21. HP: 212/216 MP: 27/29
 64164 | Vaults:4 | Found Paeruegg's Antique Armour Emporium.
 64187 | Vaults:4 | Bought a pair of embroidered gloves for 210 gold pieces
 64766 | Depths:1 | Entered Level 1 of the Depths
 65077 | Depths:1 | Found a runed translucent gate.
 65392 | Depths:1 | Reached skill level 10 in Dodging
 65488 | Depths:1 | Found a runed translucent gate.
 65488 | Depths:1 | Found a runed translucent gate.
 66498 | Depths:2 | Noticed Sojobo
 66539 | Depths:2 | Killed Sojobo
 66910 | Depths:1 | Reached skill level 15 in Armour
 67512 | Depths:2 | Upgraded the game from 0.26.0-90-g5fd8617961 to
                  | 0.26.0-91-g99b343417d
 67518 | Depths:2 | Reached skill level 21 in Fighting
 67916 | Depths:2 | Found a one-way gate leading to the halls of Pandemonium.
 68355 | Depths:1 | Reached XP level 22. HP: 227/227 MP: 34/34
 69797 | Depths:3 | Noticed Jory
 69809 | Depths:3 | Killed Jory
 70380 | Depths:3 | Noticed Saint Roka
 70440 | Depths:2 | Killed Saint Roka
 70441 | Depths:2 | Reached skill level 10 in Polearms
 72228 | Depths:4 | Found a one-way gate to the infinite horrors of the Abyss.
 72259 | Depths:4 | Found a gateway to a ziggurat.
 72620 | Depths:4 | Noticed Boris
 72639 | Depths:4 | Killed Boris
 72786 | Depths:4 | Reached skill level 10 in Spellcasting
 72993 | Depths:5 | Entered Level 5 of the Depths
 73149 | Depths:5 | Noticed a golden dragon
 73192 | Depths:5 | Killed a golden dragon
 73650 | Depths:5 | Reached skill level 5 in Necromancy
 74268 | Depths:5 | Reached XP level 23. HP: 235/235 MP: 37/37
 75567 | Depths:5 | Identified the amulet "Qipt" {Acrobat rPois rF- Str+3}
 75682 | Depths:5 | Found a gate to the Realm of Zot.
 76733 | Depths:5 | Learned a level 3 spell: Vampiric Draining
 77064 | Slime:1  | Entered Level 1 of the Pits of Slime
 77232 | Slime:1  | Gained mutation: You are dopey. (Int -2) [a shining eye]
 77233 | Slime:1  | Gained mutation: You are very dopey. (Int -4) [a shining
                  | eye]
 77479 | D:15     | Lost mutation: You are very dopey. (Int -4) [potion of
                  | mutation]
 77479 | D:15     | Gained mutation: You expend magic power (3 MP) to
                  | strengthen your wands. [potion of mutation]
 77479 | D:15     | Gained mutation: Your flesh is heat resistant. (rF+)
                  | [potion of mutation]
 77480 | D:15     | Lost mutation: Your flesh is heat resistant. (rF+) [potion
                  | of mutation]
 77480 | D:15     | Lost mutation: You are dopey. (Int -2) [potion of mutation]
 77480 | D:15     | Lost mutation: You expend magic power (3 MP) to strengthen
                  | your wands. [potion of mutation]
 77480 | D:15     | Gained mutation: You are frail. (-10% HP) [potion of
                  | mutation]
 77480 | D:15     | Gained mutation: Your body sometimes deteriorates upon
                  | taking damage. [potion of mutation]
 77480 | D:15     | Gained mutation: Your mind is acute. (Int +2) [potion of
                  | mutation]
 77480 | D:15     | Gained mutation: You have sharp toenails. [potion of
                  | mutation]
 77481 | D:15     | Lost mutation: You are frail. (-10% HP) [potion of
                  | mutation]
 77481 | D:15     | Lost mutation: Your mind is acute. (Int +2) [potion of
                  | mutation]
 77481 | D:15     | Gained mutation: You have a pair of small antennae on your
                  | head. [potion of mutation]
 77481 | D:15     | Gained mutation: Your flesh is heat resistant. (rF+)
                  | [potion of mutation]
 77482 | D:15     | Lost mutation: You have sharp toenails. [potion of
                  | mutation]
 77482 | D:15     | Lost mutation: Your flesh is heat resistant. (rF+) [potion
                  | of mutation]
 77482 | D:15     | Gained mutation: You can roll at foes to attack. [potion of
                  | mutation]
 77482 | D:15     | Gained mutation: You are somewhat resistant to further
                  | mutation. [potion of mutation]
 77892 | Slime:3  | Gained mutation: You tend to lose your temper in combat. [a
                  | shining eye]
 78191 | D:4      | Bought a potion of mutation for 88 gold pieces
 78191 | D:4      | Lost mutation: You tend to lose your temper in combat.
                  | [potion of mutation]
 78191 | D:4      | Lost mutation: You can roll at foes to attack. [potion of
                  | mutation]
 78191 | D:4      | Lost mutation: You are somewhat resistant to further
                  | mutation. [potion of mutation]
 78191 | D:4      | Gained mutation: You can translocate small distances at
                  | will. [potion of mutation]
 78191 | D:4      | Gained mutation: Your magical capacity is low. (-10% MP)
                  | [potion of mutation]
 78191 | D:4      | Gained mutation: Your spells are a little harder to cast,
                  | but a little more powerful. [potion of mutation]
 78191 | D:4      | Gained mutation: You possess an exceptional clarity of
                  | mind. [potion of mutation]
 78198 | D:4      | Bought a potion of cancellation for 88 gold pieces
 80227 | Slime:2  | Gained mutation: You are frail. (-10% HP) [a shining eye]
 80229 | Slime:2  | Gained mutation: You are very frail. (-20% HP) [a shining
                  | eye]
 80231 | Slime:2  | Lost mutation: You possess an exceptional clarity of mind.
                  | [a shining eye]
 80240 | Slime:3  | Gained mutation: You evolve. [a shining eye]
 80780 | Slime:4  | Gained mutation: You are clumsy. (Dex -2) [a shining eye]
 80782 | Slime:4  | Lost mutation: Your spells are a little harder to cast, but
                  | a little more powerful. [a shining eye]
 80793 | Slime:5  | Entered Level 5 of the Pits of Slime
 81154 | Slime:5  | Gained mutation: You do not regenerate when monsters are
                  | visible. [a shining eye]
 81499 | Elf:3    | Lost mutation: You are very frail. (-20% HP) [potion of
                  | mutation]
 81499 | Elf:3    | Lost mutation: You do not regenerate when monsters are
                  | visible. [potion of mutation]
 81499 | Elf:3    | Gained mutation: You passively map a small area around you.
                  | [potion of mutation]
 81499 | Elf:3    | Gained mutation: You possess an exceptional clarity of
                  | mind. [potion of mutation]
 81845 | Crypt:1  | Entered Level 1 of the Crypt
 83152 | Crypt:1  | Gained mutation: Your muscles are strong. (Str +2)
                  | [evolution]
 83962 | Crypt:1  | Got a crystal dagger
 83962 | Crypt:1  | Identified the +2 dagger "Hegif" {vamp, rC- Str+3 Dex+9
                  | SInv} (You found it on level 1 of the Crypt)
 85205 | Crypt:2  | Reached XP level 24. HP: 193/224 MP: 34/34
 85573 | Crypt:2  | Reached skill level 22 in Fighting
 85667 | Crypt:3  | Entered Level 3 of the Crypt
 86252 | Crypt:3  | Got a smoking platinum ring
 86252 | Crypt:3  | Identified the ring of Recklessness {+Inv Will+ Str+4} (You
                  | found it on level 3 of the Crypt)
 86897 | Crypt:3  | Got a crude amber ring
 86901 | Crypt:3  | Identified the ring of Ugoadui {+Inv rN+} (You found it on
                  | level 3 of the Crypt)
 86903 | Crypt:3  | Got a twitching bone ring
 86903 | Crypt:3  | Identified the ring of Noagotuf {+Blink rPois rN+ Will+
                  | Str-2} (You found it on level 3 of the Crypt)
 87247 | Crypt:3  | Found a staircase to the Tomb.
 87249 | Crypt:3  | Noticed an ancient lich
 87261 | Crypt:3  | Killed an ancient lich
 87546 | Crypt:3  | Noticed an ancient lich
 87552 | Crypt:3  | Killed an ancient lich
 88182 | Crypt:3  | Noticed an ancient lich
 88188 | Crypt:3  | Killed an ancient lich
 88290 | Tomb:1   | Entered Level 1 of the Tomb of the Ancients
 89554 | Tomb:1   | Reached XP level 25. HP: 232/232 MP: 34/34
 89594 | Tomb:1   | HP: 5/229 [ancient champion/+3 battleaxe of draining (14)]
 89594 | Tomb:1   | HP: 2/226 [death scarab (1)]
 89594 | Tomb:1   | Mangled by a death scarab

Illustrated notes

Levels and vault maps discovered:
D:1:      dpeg_arrival_tiny_g, layout_loops_ring, nicolae_ashenzari_panopticon
D:2:      layout_loops_corners, bloody_trog, tso_oasis_becter, minmay_tall_x
D:3:      layout_loops_ring, chequers_ecumenical_altar_simple_redux,
          uniq_natasha, uniq_jessica
D:4:      layout_loops_ring, serial_shops, shop
D:5:      layout_layer_cave
D:6:      layout_loops_ring, nicolae_ru_the_path_less_chosen,
          nicolae_overflow_crystal_walls, basic_altar,
          cheibrodos_sewer_entry_drain, minmay_a_box_with_orc_wizards_in_it,
          uniq_edmund
D:7:      layout_basic, riverfiend_overflow_shadow_ancestor, temple_pool_b,
          basic_altar, lightli_minifort
D:8:      minmay_the_grid_four_pointed_star
          [minmay_the_grid_triangle_9x9_intruding_spiral,
          minmay_the_grid_triangle_9x9_negative_grid,
          minmay_the_grid_triangle_9x9_steps,
          minmay_the_grid_triangle_9x9_windchime,
          minmay_the_grid_prize_trominoes], layout_basic, serial_rivers,
          chequers_serial_rivers_room_b, chequers_serial_rivers_room_a,
          chequers_serial_rivers_micro_e, chequers_serial_rivers_room_b,
          chequers_serial_rivers_micro_a, basic_altar, serial_shops,
          nicolae_shop_crystal, uniq_pikel
D:9:      layout_irregular_city, serial_shops, shop
D:10:     layout_stronghold, david_lair_generic, serial_bayou_lake_a,
          uniq_sonja, uniq_erica, uniq_maurice
D:11:     layout_loops_corners, grunt_qazlal_clouds
D:12:     layout_roguey, kennysheep_orc_monster_closet_entryway,
          minmay_misc_feat_cross, chequers_garden
D:13:     layout_basic, david_vaults_2, nicolae_trove_entry_crystal,
          minmay_hedge_maze
D:14:     layout_cave_pools, nicolae_lava_and_water,
          gammafunk_ghost_fury_of_okawaru, einodemon_crawler_minivault
D:15:     hangedman_depths_entry_civil_slaughter, layout_irregular_city,
          chequers_serial_rivers_micro_b
Temple:   eino_temple_scatter_basement
Lair:1:   layout_cave_shapes, serial_bayou_shore_b
Lair:2:   layout_hall_layers, nicolae_spider_entry_non_spiders, enter_volcano_2,
          roderic_carrion_pond, grunt_megastairs_4, infiniplex_staircase_pool
Lair:3:   layout_regular_city, uniq_nergalle
Lair:4:   layout_cave_pods, nicolae_swamp_entry_splash_gauntlet
Lair:5:   layout_long_grid, slime_altar_2
Lair:6:   evil_forest, layout_regular_city, eino_house_with_fridge
Swamp:1:  layout_basic_swamp, evilmike_swamp_ruin_house_4
Swamp:2:  layout_falls_marsh, nicolae_swamp_fairy_circle
Swamp:3:  layout_basic_swamp, nicolae_swamp_stair_fork, swamp_pool3
Swamp:4:  swamp_fiery, layout_basic_swamp, swamp_pool3, nicolae_swamp_snake_nest
Spider:1: nicolae_spider_hall_of_the_moth_king
Spider:2: layout_spider_delve, drop_trap, hangedman_spider_tarantella_strand
Spider:3: layout_chambers, worms_lemuel, uniq_arachne
Spider:4: guppyfry_spider_rune
Slime:1:  layout_caves
Slime:2:  layout_caves
Slime:3:  layout_caves
Slime:4:  layout_caves
Slime:5
Orc:1:    layout_caves
Orc:2:    st_orc_ogre_mass, layout_diamond_mine, basic_altar
Elf:1:    eino_elf_arrival_sip, layout_loops_corners, evilmike_minifort,
          hangedman_elf_power_crystal
Elf:2:    layout_geoelf_diagonals, basic_altar, serial_shops, shop, uniq_azrael,
          uniq_roxanne
Elf:3:    grunt_elf_hall_asides, layout_geoelf_castle, serial_shops,
          nicolae_shop_statue_plus, uniq_nikola
Vaults:1: nicolae_vaults_hallways_thing, ontoclasm_vaults_loading_screen,
          nicolae_vaults_specimen_jars, ontoclasm_vaults_bender,
          vaults_room_fancy_cross, hangedman_vaults_hat, v_misc_3,
          ontoclasm_vaults_decontamination, vaults_room_pool,
          ontoclasm_vaults_ligature, vaults_room_semicircle,
          hangedman_vaults_stretched_pinwheel, vaults_mumra_hex,
          layout_vaults_omnicross, uniq_asterion
Vaults:2: nicolae_vaults_quartermaster, hangedman_vaults_variations,
          vaults_dpeg_cross, vaults_room_large_hall, vaults_dpeg_ring,
          vaults_standard_mumra_x, ontoclasm_vaults_pinch,
          nicolae_vaults_alarming, layout_vaults_chaotic_city,
          minmay_crypt_entry_necro_gods
Vaults:3: hangedman_vaults_restitches, nicolae_vaults_what_the_h,
          nicolae_vaults_network_s, vaults_room_octagon, v_misc_29,
          nicolae_vaults_ring_of_whatevers, vaults_mumra_lcd,
          nicolae_vaults_gold_heap, layout_vaults_omnigrid, serial_shops,
          shop_fountains, shop, nicolae_shop_crystal, shop, uniq_aizul
Vaults:4: vaults_room_stairs_pillars, ontoclasm_vaults_gallery,
          nicolae_vaults_back_hallway, v_misc_8, grunt_vaults_bifocal,
          hangedman_vaults_river_flow, v_misc_2, vaults_dpeg_spiral,
          vaults_room_stairs_pillars, v_alt_pattern_2, vaults_room_semicircle,
          v_misc_10, grunt_vaults_twisty, nicolae_vaults_theta,
          nicolae_vaults_little_squares_5, vaults_mumra_hexcomb,
          nicolae_vaults_asterisk, layout_vaults_omnibox, serial_shops, shop
Crypt:1:  layout_chaotic_city
Crypt:2:  layout_misc_corridors, nrook_guardian_serpent_ordinary,
          roderic_lattice_octagonal_star
Crypt:3:  quadcrypt_mu
Tomb:1
Depths:1: layout_basic, grunt_hell_entry_dis_mu, chequers_serial_rivers_micro_d,
          pandoras_box_mu, serial_bayou_shore_b, kennysheep_random_hallway
Depths:2: nzn_winding_woodlands_cross [nzn_winding_woodlands_5x15_pool,
          nzn_winding_woodlands_5x15_jagged, nzn_winding_woodlands_5x15_pockets,
          nzn_winding_woodlands_5x15_river_crossing,
          nzn_winding_woodlands_15x15_thick_spiral], layout_honeycomb,
          hellmouth_1, grunt_pan_entry_spiral, minmay_misc_feat_enclosed,
          minmay_misc_feat_columns, minivault_15, infiniplex_staircase_zigzag_1,
          uniq_sojobo
Depths:3: mu_elemental_laboratory, layout_basic, hangedman_decor_growths,
          rand_demon_pan_entry_3, hell_entry, nrook_pool_corridor, st_stairs_9,
          uniq_jory, uniq_saint_roka
Depths:4: hangedman_screamer, layout_basic, ziggurat_fallback, hell_entry,
          infiniplex_staircase_pillars_3a, abyss_entry
Depths:5: lemuel_castle_with_subvaults [lemuel_castle_interior_carwin_2],
          layout_honeycomb, pf_hell_entry_tar_river,
          chequers_serial_rivers_small_a

Skill      XL: |  1  2  3  4  5  6  7  8  9 10 11 12 13 14 15 16 17 18 19 20 21 22 23 24 |
---------------+-------------------------------------------------------------------------+-----
Axes           | 3 4 5 7 9 10 11 12 13 14 | 14.9
Shields        | 3 4 5 6 7 8 9 10 | 10.4
Armour         | 3 4 5 6 7 8 9 10 12 13 14 15 16 17 | 17.4
Throwing       | 1 2 3 |  3.0
Fighting       | 4 5 6 7 8 10 11 13 15 16 18 19 20 21 22 | 22.4
Dodging        | 1 2 3 4 5 6 7 8 9 10 11 12 | 12.4
Maces & Flails | 6 9 |  9.3
Stealth        | 1 2 3 |  3.0
Evocations     | 1 2 4 5 7 8 9 10 11 12 13 | 13.2
Polearms       | 1 3 8 12 13 | 13.3
Necromancy     | 2 5 6 |  6.9
Spellcasting   | 2 5 8 10 11 | 11.5

Action                   |  1- 3 |  4- 6 |  7- 9 | 10-12 | 13-15 | 16-18 | 19-21 | 22-24 | 25-27 || total
-------------------------+-------+-------+-------+-------+-------+-------+-------+-------+-------++-------
Melee: War axe           |   117 |   114 |   419 |   452 |   678 |    20 |       |       |       ||  1800
       Tailslap          |     7 |    12 |    55 |   171 |   427 |   381 |   642 |   636 |     2 ||  2333
       Demon whip        |       |       |       |   414 |  1086 |  1505 |   889 |   158 |       ||  4052
       Eveningstar       |       |       |       |       |       |   199 |    62 |       |       ||   261
       Hand axe          |       |       |       |       |       |   110 |   334 |       |       ||   444
       Lance             |       |       |       |       |       |       |  1255 |  1965 |     2 ||  3222
       Unarmed           |       |       |       |       |       |       |     1 |       |       ||     1
       Broad axe         |       |       |       |       |       |       |    22 |   203 |    13 ||   238
       Staff             |       |       |       |       |       |       |     5 |       |       ||     5
Throw: Boomerang         |       |    11 |     2 |    13 |    24 |     3 |    11 |    49 |       ||   113
       Throwing net      |       |       |       |     3 |       |       |       |       |       ||     3
       Dart              |       |       |       |    19 |     4 |     8 |    14 |    11 |       ||    56
       Javelin           |       |       |       |       |     1 |     1 |       |     4 |       ||     6
 Cast: Animate Skeleton  |       |       |       |       |       |       |     2 |     4 |       ||     6
Invok: Lunge             |       |       |     1 |    32 |    69 |    51 |    79 |    79 |       ||   311
       Whirlwind         |       |       |       |    42 |   122 |   122 |   266 |   234 |     7 ||   793
       Heavenly Storm    |       |       |       |       |     2 |     3 |     7 |     3 |     1 ||    16
       Serpent's Lash    |       |       |       |       |       |     1 |       |     1 |       ||     2
 Abil: Rolling Charge    |    18 |    20 |    42 |    81 |    65 |    97 |   106 |   107 |       ||   536
       Wall Jump         |       |       |       |     5 |     8 |     9 |    11 |    21 |       ||    54
       Blink             |       |       |       |       |       |       |       |     1 |       ||     1
Evoke: Wand              |       |       |     2 |     9 |     7 |     9 |    27 |     7 |       ||    61
       Phantom mirror    |       |       |       |       |       |       |     1 |       |       ||     1
       Lightning rod     |       |       |       |       |       |       |     2 |       |       ||     2
  Use: Scroll            |       |     8 |     7 |    10 |    15 |    20 |    20 |    12 |     1 ||    93
       Potion            |       |       |     1 |     6 |     2 |     5 |     8 |    13 |     2 ||    37
 Stab: Invisible         |       |       |       |     1 |       |    10 |       |       |       ||    11
       Sleeping          |       |       |       |     1 |       |       |       |       |       ||     1
       Distracted        |       |       |       |       |       |       |     1 |       |       ||     1
Armor: Scale mail        |    89 |    45 |   140 |   153 |       |       |       |       |       ||   427
       Skin              |       |       |       |    42 |    41 |       |       |       |       ||    83
       Chain mail        |       |       |       |       |   409 |   102 |       |       |       ||   511
       Crystal plate arm |       |       |       |       |       |   274 |       |       |       ||   274
       Swamp dragon scal |       |       |       |       |       |   270 |   360 |       |       ||   630
       Plate armour      |       |       |       |       |       |       |   478 |   708 |    63 ||  1249
Dodge: Dodged            |    24 |    11 |    52 |   142 |   265 |   249 |   445 |   365 |    61 ||  1614
Block: Kite shield       |    57 |    77 |   368 |   571 |  1118 |   894 |  1475 |  1098 |    71 ||  5729
       Reflection        |       |       |     2 |    23 |    34 |    53 |    84 |    43 |       ||   239
       Tower shield      |       |       |       |       |       |       |     4 |       |       ||     4
